 Dungeon Crawl Stone Soup version 0.23.2-40-g277498a001 (webtiles) character file.

Game seed: 16019121691611120173

54 Descartes the Shield-Bearer (level 4, 0/37 HPs)
             Began as a Formicid Fighter on Sept 7, 2019.
             Succumbed to an adder's poison
             ... on level 2 of the Dungeon.
             The game lasted 00:02:18 (564 turns).

Descartes the Shield-Bearer (Formicid Fighter)       Turns: 564, Time: 00:02:18

Health: 0/37       AC:  7    Str: 26    XL:     4   Next: 12%
Magic:  4/4        EV: 11    Int:  7    God:
Gold:   58         SH: 10    Dex: 11    Spells: 3/3 levels left

rFire    . . .     SeeInvis +   a - +0 war axe
rCold    . . .     Gourm    .   c - +0 shield
rNeg     . . .     Faith    .   b - +0 scale mail
rPois    .         Spirit   .   (helmet unavailable)
rElec    .         Reflect  .   (no cloak)
rCorr    .         Harm     .   (no gloves)
MR       .....                  (no boots)
Stlth    ..........             (no amulet)
HPRegen  0.12/turn              e - +2 ring of evasion
MPRegen  0.09/turn              (no ring)

@: mighty, lethally poisoned (0 -> -1)
A: permanent stasis, dig shafts and tunnels, four strong arms, antennae 3
a: Dig, Shaft Self


You were on level 2 of the Dungeon.
You were not hungry.

You visited 1 branch of the dungeon, and saw 2 of its levels.

You collected 58 gold pieces.

Inventory:

Hand Weapons
 a - a +0 war axe (weapon)
Missiles
 j - 35 stones (quivered)
Armour
 b - a +0 scale mail (worn)
 c - a +0 shield (worn)
Jewellery
 e - a +2 ring of evasion (left hand)
Scrolls
 h - 2 scrolls of identify {unknown}
 i - 2 scrolls of teleportation {unknown}
 k - a scroll of amnesia {unknown}
Potions
 d - a potion of might
Comestibles
 f - 3 rations


   Skills:
 + Level 3.7 Fighting
 - Level 2.0 Axes
 + Level 3.7 Armour
 + Level 1.1 Dodging
 * Level 4.6 Shields


You had 3 spell levels left.
You didn't know any spells.
Your spell library was empty.

Dungeon Overview and Level Annotations

Branches:
Dungeon (2/15)

Altars:
Vehumet


Innate Abilities, Weirdness & Mutations

You cannot be hasted, slowed, berserked, paralysed or teleported.
You can dig through walls and to a lower floor.
Your four strong arms can wield two-handed weapons with a shield.
You have a pair of large antennae on your head. (SInv)


Message History

The adder poisons you! The adder bites you but does no damage.
You slash the adder!
You kill the adder!
You have reached level 4!
You feel stronger.
* * * LOW HITPOINT WARNING * * *
You feel sick. You block the jackal's attack.
Your shield and scale mail prevent you from hitting the jackal.
You block the jackal's attack. x2
You closely miss the jackal.
* * * LOW HITPOINT WARNING * * *
You feel sick. The jackal closely misses you. You block the jackal's attack.
You slash the jackal!
You kill the jackal!
The jackal bites you but does no damage.
You barely miss the jackal. The jackal barely misses you.
The jackal completely misses you.
You slash the jackal!
You kill the jackal!
You die...

........###.# ###.# ......#>#
#.# #.## .. #....###.# #..##
..... .###...).##.######..###
..... .......................
.....###...##.................
.......#.# ###...............
......#.#####............####
..(......l†@.)###.#####.#
###>.#..###### #.# #.#
#$........# #.# #.#
#..######.# #.. #.# #......# #
... .# .......## .... .......
._.. ....... .....# .......


You could see a frilled lizard.

Vanquished Creatures
  2 adders (D:2)
  An ooze (D:2)
  2 dart slugs (D:1)
  A leopard gecko (D:2)
  2 bats (D:1)
  2 giant cockroaches (D:1)
  3 goblins (D:1)
  A hobgoblin (D:2)
  4 jackals (D:2)
  3 kobolds (D:1)
  7 rats
28 creatures vanquished.

Notes
Turn   | Place    | Note
-------+----------+-------------------------------------------
     0 | D:1      | Descartes the Formicid Fighter began the quest for the Orb.
     0 | D:1      | Reached XP level 1. HP: 18/18 MP: 1/1
   114 | D:1      | Reached XP level 2. HP: 24/24 MP: 2/2
   144 | D:1      | Reached skill level 4 in Shields
   307 | D:1      | Reached XP level 3. HP: 27/29 MP: 3/3
   489 | D:2      | Found a radiant altar of Vehumet.
   552 | D:2      | Reached skill level 1 in Dodging
   559 | D:2      | Reached XP level 4. HP: 2/37 MP: 4/4
   561 | D:2      | HP: 1/37 [poisoned by an adder]
   564 | D:2      | Succumbed to an adder's poison

Skill      XL: |  1  2  3 |
---------------+----------+-----
Shields        | 4 |  4.6
Dodging        | 1 |  1.1
Fighting       | |  3.7
Axes           | |  2.0
Armour         | |  3.7

Action                   |  1- 3 |  4- 6 || total
-------------------------+-------+-------++-------
Melee: War axe           |    91 |     5 ||    96
  Use: Potion            |     1 |       ||     1
Armor: Scale mail        |    38 |     1 ||    39
Dodge: Dodged            |    36 |     3 ||    39
Block: Shield            |    55 |     4 ||    59
